Map: Cerulean Fall LE

Players

Creator - Winner!

  • Race: Protoss Protoss
  • League: Master
  • Spawn Location: 1:00

Zanster

  • Race: Zerg Zerg
  • Spawn Location: 7:00

Event: HomeStory Cup XVIII

VOD

Have the link to the VOD?

Description

Time

  • Played on: Nov. 22, 2018, 10:50 a.m.
  • Length: 3:52

All games in this series

Show
View Real Time Build Order
Export as new Build Order

Creator Protoss - Winner!

Build Orders: 1 Gate Expand, Oracle Opening, Phoenix Opening 

Get SALT Encoding   

  12  0:00  Probe  
  13  0:12  Probe  
  14  0:19  Pylon  
  14  0:24  Probe  
  15  0:34  Probe  
  15  0:41  Gateway  
  15  0:42  Probe  
  16  0:47  Assimilator  
  17  0:52  Probe  
  18  1:04  Probe  
  19  1:16  Probe  
  20  1:25  Nexus  
  20  1:34  Cybernetics Core  
  20  1:37  Probe  
  21  1:43  Assimilator  
  21  1:49  Probe  
  22  1:55  Pylon  
  22  2:01  Probe  
  22  2:04  Adept  
  23  2:14  Probe  
  26  2:17  Stargate  
  26  2:26  Probe  
  27  2:30  Adept  
  27  2:34  Probe x2  
  29  2:42  Probe x2  
  33  2:53  Probe x2  
  33  2:54  Phoenix  
  33  2:58  Adept  
  37  3:05  Probe  
  40  3:07  Probe  
  41  3:14  Oracle  
  41  3:16  Gateway  
  44  3:28  Shield Battery  
  46  3:38  Shield Battery  
  46  3:46  Pylon  
Show
View Real Time Build Order
Export as new Build Order

Zanster Zerg 

Build Orders: Hatch First 

Get SALT Encoding   

  12  0:00  Drone  
  13  0:13  Overlord  
  13  0:17  Drone  
  14  0:31  Drone x2  
  16  0:49  Hatchery  
  15  0:51  Drone  
  15  0:55  Drone  
  17  0:58  Drone  
  17  1:01  Extractor  
  17  1:16  Spawning Pool  
  17  1:17  Drone  
  17  1:20  Drone  
  18  1:28  Drone  
  19  1:39  Drone  
  20  1:50  Overlord  
  20  2:04  Queen x2, Zergling x2  
  20  2:05  Zergling x2  
  26  2:09  Metabolic Boost  
  26  2:17  Zergling x2  
  26  2:18  Zergling x2  
  28  2:24  Zergling x4  
  30  2:40  Zergling x4  
  32  2:46  Hatchery  
  31  2:52  Zergling x4  
  31  2:58  Overlord  
  33  3:02  Zergling x2  
  34  3:09  Zergling x4  
  35  3:21  Zergling x8  
  35  3:22  Zergling x2  
  39  3:31  Zergling x6  
Tags
 
Add a new tag
Caveats
  • Supply blocks, unpowered buildings, or Contaminate may cause inaccurate times.
  • Supply counts are checked every 10 seconds.